 Dungeon Crawl Stone Soup version 0.30.0-29-ga12c61a403 (webtiles) character file.

Game seed: 2526864546725608852

68 Peloso the Covered (level 4, 40/40 HPs)
             Began as a Minotaur Fighter on June 25, 2023.
             Got out of the dungeon alive.
             The game lasted 00:02:56 (1577 turns).

Peloso the Covered (Minotaur Fighter)               Turns: 1577, Time: 00:02:56

Health: 40/40      AC:  8    Str: 20    XL:     4   Next: 1%
Magic:  3/3        EV:  9    Int:  5    God:
Gold:   91         SH:  5    Dex: 12    Spells: 3/3 levels left

rFire   . . .        a - +0 long sword
rCold   . . .        d - +0 buckler
rNeg    . . .        b - +0 scale mail
rPois   +            (helmet restricted)
rElec   .            (no cloak)
rCorr   .            c - +0 pair of gloves
SInv    .            (no boots)
Will    .....        (no amulet) Stlth
                     (no ring)
HPRegen 0.26/turn    (no ring)
MPRegen 0.08/turn

%: no passive effects
@: no status effects
A: horns 2, retaliatory headbutt, claws 1, deterioration 1, poison resistance,
no potion heal 1, MP-powered wands
a: no special abilities


You escaped.
You visited 1 branch of the dungeon, and saw 2 of its levels.

You collected 91 gold pieces.

Inventory:

Hand Weapons
 a - a +0 long sword (weapon)
Armour
 b - a +0 scale mail (worn)
 c - a +0 pair of gloves (worn)
 d - a +0 buckler (worn)
Jewellery
 l - an amulet of faith
Scrolls
 j - 3 scrolls of identify {unknown}
 k - a scroll of fear {unknown}
 n - a scroll of amnesia {unknown}
Potions
 e - a potion of might
 g - a potion of ambrosia {unknown}
 h - 2 potions of heal wounds {unknown}
 i - 2 potions of resistance {unknown}
 m - a potion of curing {unknown}


   Skills:
 + Level 4.1 Fighting
 + Level 3.3 Long Blades
 + Level 4.3 Armour
 + Level 0.9 Dodging
 + Level 4.2 Shields


You had 3 spell levels left.
You didn't know any spells.
Your spell library contained the following spells:

 Spells                   Type           Power      Damage    Failure   Level
 Malign Gateway           Summ/Tloc      0%         N/A       100%        7
 Summon Horrible Things   Summ           0%         N/A       100%        8


Dungeon Overview and Level Annotations

Branches:
Dungeon (2/15)

Altars:


Innate Abilities, Weirdness & Mutations

You have a pair of horns on your head.
You reflexively headbutt those who attack you in melee.
You have sharp fingernails.
Your body sometimes deteriorates upon taking damage.
Your system is resistant to poisons. (rPois)
Potions are less effective at restoring your health.
You expend magic power (3 MP) to strengthen your wands.


Message History

You slash the quokka!
You kill the quokka!
You have reached level 4!
You feel agile.
You see here a +5 heavy hand axe.
You see here a +5 heavy hand axe.
There is an open door here.
Done exploring.
Done exploring.
Done exploring.
Done exploring.
It was a potion of mutation.
You feel extremely strange.
You feel yourself wasting away.
Your toenails lengthen and sharpen.
Your system partially rejects the healing effects of potions.
Your thoughts seem clearer.
Really quaff the potion of mutation?
You feel extremely strange.
You feel healthier.
Your system completely accepts the healing effects of potions.
Your thinking seems confused.
You feel yourself wasting away.
Your fingernails lengthen.
Really quaff the potion of mutation?
You feel extremely strange.
You feel healthier.
Your talons dull and shrink into feet.
You feel yourself wasting away.
You feel resistant to poisons.
Your system partially rejects the healing effects of potions.
You feel your magical essence link to the dungeon's wands.
(D) Dungeon
Where to? (Enter - D:12, ? - help)
What level of the Dungeon? (default 1, ? - help)
You see here a +0 ring mail.
There is a stone staircase leading up here.
You climb upwards.
There is a stone staircase leading down here.
You enter the shallow water.
Moving in this stuff is going to be slow.
There is a large open door here.
There is a staircase leading out of the dungeon here.
Are you sure you want to leave the Dungeon?
This will make you lose the game!
You have escaped!

#.#.##.#.#.# #.##.##.#
#....#.#.#.# #....##.#
#......#.#.# #..####.#
.......#.#.###§.####.#
...........~~~§§§≈~~~#
.......#.#.~8~~§§~~8~#
#..........~~8~~~~8~~#
##.........≈~~####~~≈#
..#........≈≈~'.@#~§≈#
##
...........§≈~'..#~§§#
#.
...........≈~~####~~≈#
#.
...........~~8~~~~8~~#
#.
.....#.###.~8~~§≈~~8~#
#.
..#.##.....~~~≈≈≈≈~~~#
#.
..#.###.##############
#. .##.# #.#
############ #. .##.#
#.# #>...PP....# ##.


There were no monsters in sight!

Vanquished Creatures
  2 adders (D:2)
  A worm (D:2)
  A dart slug (D:1)
  3 bats (D:1)
  6 endoplasms
  5 giant cockroaches
  2 goblins
  5 hobgoblins
  4 jackals (D:1)
  A quokka (D:2)
  A ball python (D:2)
  3 frilled lizards (D:1)
  4 kobolds (D:1)
  3 rats
41 creatures vanquished.

Notes
Turn   | Place    | Note
-------+----------+-------------------------------------------
     0 | D:1      | Peloso the Minotaur Fighter began the quest for the Orb.
     0 | D:1      | Reached XP level 1. HP: 19/19 MP: 0/0
    66 | D:1      | Reached XP level 2. HP: 22/27 MP: 1/1
   396 | D:1      | Reached XP level 3. HP: 33/33 MP: 2/2
  1385 | D:2      | Reached XP level 4. HP: 40/40 MP: 3/3
  1511 | D:2      | Gained mutation: Your body sometimes deteriorates upon
                  | taking damage. [potion of mutation]
  1511 | D:2      | Gained mutation: You have sharp toenails. [potion of
                  | mutation]
  1511 | D:2      | Gained mutation: Potions are less effective at restoring
                  | your health. [potion of mutation]
  1511 | D:2      | Gained mutation: You possess an exceptional clarity of
                  | mind. [potion of mutation]
  1512 | D:2      | Lost mutation: Your body sometimes deteriorates upon taking
                  | damage. [potion of mutation]
  1512 | D:2      | Lost mutation: Potions are less effective at restoring your
                  | health. [potion of mutation]
  1512 | D:2      | Lost mutation: You possess an exceptional clarity of mind.
                  | [potion of mutation]
  1512 | D:2      | Gained mutation: Your body sometimes deteriorates upon
                  | taking damage. [potion of mutation]
  1512 | D:2      | Gained mutation: You have sharp fingernails. [potion of
                  | mutation]
  1513 | D:2      | Lost mutation: Your body sometimes deteriorates upon taking
                  | damage. [potion of mutation]
  1513 | D:2      | Lost mutation: You have sharp toenails. [potion of
                  | mutation]
  1513 | D:2      | Gained mutation: Your body sometimes deteriorates upon
                  | taking damage. [potion of mutation]
  1513 | D:2      | Gained mutation: Your system is resistant to poisons.
                  | (rPois) [potion of mutation]
  1513 | D:2      | Gained mutation: Potions are less effective at restoring
                  | your health. [potion of mutation]
  1513 | D:2      | Gained mutation: You expend magic power (3 MP) to
                  | strengthen your wands. [potion of mutation]
  1577 | D:$      | Got out of the dungeon alive.

Illustrated notes

Levels and vault maps discovered:
D:1:      lightli_arrival_boilingwater, layout_loops_ring, serial_bayou_pond_a,
          minmay_tall_x
D:2:      layout_basic, nicolae_concentric_dashed_squares_mild

Skill      XL: |  1  2  3 |
---------------+----------+-----
Shields        | 4 |  4.2
Fighting       | 4 |  4.1
Long Blades    | 3 |  3.3
Armour         | 4 |  4.3
Dodging        | |  0.9

Action                     |  1- 3 |  4- 6 || total
---------------------------+-------+-------++-------
  Melee: Long sword        |   103 |       ||   103
         Headbutt          |    13 |       ||    13
    Use: Potion            |       |     3 ||     3
 Armour: Scale mail        |    60 |       ||    60
  Dodge: Dodged            |    66 |       ||    66
  Block: Buckler           |    34 |       ||    34
